 Dungeon Crawl Stone Soup version 0.31-a0-1405-g2bb1a01664 (webtiles) character file.

Game seed: 17084409017877310307

51 RepHenryClay the Cudgeller (level 3, 0/16 HPs)
             Began as a Vine Stalker Wanderer on Dec 25, 2023.
             Slain by Pargi (5 damage)
             ... on level 2 of the Dungeon.
             The game lasted 00:03:22 (1826 turns).

RepHenryClay the Cudgeller (Vine Stalker Wanderer)  Turns: 1826, Time: 00:03:23

Health: 0/16       AC:  6    Str: 15    XL:     3   Next: 81%
Magic:  0/7        EV:  9    Int: 13    God:
Gold:   88         SH:  0    Dex: 19    Spells: 6/6 levels left

rFire   + . .        a - +2 mace
rCold   + . .        (no shield)
rNeg    . . .        b - +0 scale mail
rPois   +            (no helmet)
rElec   +            (no cloak)
rCorr   +            (no gloves)
SInv    .            (no boots)
Will    .....        (no amulet) Stlth
                     g - +6 ring of dexterity
HPRegen 1.02/turn    (no ring)
MPRegen 0.10/turn

%: guardian spirit
@: resistant
A: fangs 2, regeneration 1, magic shield, antimagic bite, no potion heal 2
a: no special abilities


You were on level 2 of the Dungeon.
You visited 1 branch of the dungeon, and saw 3 of its levels.

You collected 88 gold pieces.

Inventory:

Hand Weapons
 a - a +2 mace (weapon)
 l - a +1 whip of freezing
Armour
 b - a +0 scale mail (worn)
Jewellery
 g - a +6 ring of dexterity (left hand)
 h - an amulet of magic regeneration
Scrolls
 c - 2 scrolls of teleportation
 d - a scroll of fog {unknown}
 f - a scroll of immolation {unknown}
 i - a scroll of poison {unknown}
 k - a scroll of revelation {unknown}
 m - a scroll of noise {unknown}
Potions
 e - 2 potions of curing


   Skills:
 * Level 3.6 Maces & Flails
 - Level 1.0 Throwing
 + Level 1.6 Armour
 + Level 0.9 Dodging
 - Level 2.1 Spellcasting
 - Level 3.0 Air Magic


You had 6 spell levels left.
You didn't know any spells.
Your spell library contained the following spells:

 Spells                   Type           Power      Damage    Failure   Level
 Static Discharge         Conj/Air       10%        3-4/arc   63%         2
 Cigotuvi's Dreadful Rot  Necr/Alch/Air  8%         N/A       69%         2


Dungeon Overview and Level Annotations

Branches:
Dungeon (3/15)

Altars:

Annotations:
D:2 Pargi


Innate Abilities, Weirdness & Mutations

You have extremely sharp teeth.
Your natural rate of healing is unusually fast.
When hurt, damage is shared between your health and your magic reserves.
Your bite disrupts and absorbs the magic of your enemies.
Potions cannot restore your health.


Message History

Pargi claws you but does no damage. Pargi claws you.
* * * LOW HITPOINT WARNING * * *
Huge Dmg: -19%(-3hp) hp: 19%(3hp) Level annotation: Pargi Welcome back, RepHenryClay the Vine Stalker Wanderer.
Press ? for a list of commands and other information.
Pargi attacks as he pursues you! Pargi bites you but does no damage.
Pargi barely misses you. Pargi claws you.
* * * LOW HITPOINT WARNING * * *
Pargi attacks as he pursues you! Pargi bites you.
* * * LOW HITPOINT WARNING * * *
Pargi barely misses you. Pargi claws you but does no damage.
Huge Dmg: -12%(-2hp) hp: 32%(5hp) Level annotation: Pargi Welcome back, RepHenryClay the Vine Stalker Wanderer.
Press ? for a list of commands and other information.
It was a potion of curing.
That felt strangely inert.
Pargi misses you. Pargi claws you but does no damage.
Pargi completely misses you.
It was a potion of resistance.
You feel protected. Pargi bites you.
* * * LOW HITPOINT WARNING * * *
Pargi closely misses you. Pargi claws you.
* * * LOW HITPOINT WARNING * * *
Huge Dmg: -31%(-5hp) hp: 19%(3hp) Level annotation: Pargi Welcome back, RepHenryClay the Vine Stalker Wanderer.
Press ? for a list of commands and other information.
Pargi hisses menacingly.
Pargi attacks as he pursues you! Pargi bites you.
* * * LOW HITPOINT WARNING * * *
Pargi claws you but does no damage. Pargi barely misses you.
Huge Dmg: -25%(-4hp) hp: 7%(1hp) Level annotation: Pargi Welcome back, RepHenryClay the Vine Stalker Wanderer.
Press ? for a list of commands and other information.
Pargi attacks as he pursues you! Pargi bites you but does no damage.
Pargi claws you but does no damage. Pargi completely misses you.
Pargi attacks as he pursues you! Pargi bites you.
You die...

#############
#..........>######
#.#########T@....## #.#
####..#♣♣.P♣
#.######.##.##♣~~P♣
#......>..#.# ♣P~♣♣
######.######.##.♣ ♣♣~♣♣
#..........##<#♣♣♣ ♣♣.P♣♣♣♣♣#
#.####.###.##.#♣~♣♣♣..~♣~♣~P##
#.####.# #.#.....~~.~~..~~~..#
.......# #..###♣♣♣.♣~~~.P~♣P.#


You could see Pargi.

Vanquished Creatures
  2 adders (D:2)
  2 dart slugs (D:2)
  2 ball pythons
  2 endoplasms
  A giant cockroach (D:2)
  3 goblins (D:1)
  5 hobgoblins
  3 jackals (D:2)
  A bat (D:1)
  2 frilled lizards (D:2)
  3 kobolds
26 creatures vanquished.

Notes
Turn   | Place    | Note
-------+----------+-------------------------------------------
     0 | D:1      | RepHenryClay the Vine Stalker Wanderer began the quest for
                  | the Orb.
     0 | D:1      | RepHenryClay set off with the following items: a +2 mace, a
                  | +0 scale mail, a scroll of teleportation; and the following
                  | spells available to memorise: Static Discharge, Cigotuvi's
                  | Dreadful Rot.
     0 | D:1      | Reached XP level 1. HP: 9/9 MP: 4/4
   438 | D:1      | Reached XP level 2. HP: 13/13 MP: 6/6
   926 | D:2      | Reached XP level 3. HP: 16/16 MP: 7/7
  1759 | D:3      | Noticed Pargi
  1826 | D:2      | Slain by Pargi

Illustrated notes

Levels and vault maps discovered:
D:1:      onia_arrival_mini_spirals, layout_loops_ring, roderic_roman_lattice
D:2:      layout_loops_ring, serial_bayou, serial_bayou_lake_a,
          serial_bayou_pond_d, serial_bayou_lagoon_b, serial_bayou_crossing,
          roderic_nine_men_s_morris, dreamdust_princess_bridge,
          columned_hall_lemuel
D:3:      cheibrodos_fertilizer, layout_basic, uniq_terence,
          uniq_crazy_yiuf_cottage, uniq_pargi, uniq_sigmund

Skill      XL: |  1 |
---------------+----+-----
Maces & Flails | 3 |  3.6
Throwing       | |  1.0
Armour         | |  1.6
Dodging        | |  0.9
Spellcasting   | |  2.1
Air Magic      | |  3.0

Action                     || total
---------------------------++-------
  Melee: Mace              ||    85
         Bite              ||    19
    Use: Potion            ||     2
 Armour: Scale mail        ||   126
  Dodge: Dodged            ||    62

Table legend: (Time is in decaauts)
 A = Elapsed time spent in this place.
 B = Non-inter-level travel time spent in this place.
 C = Inter-level travel time spent in this place.
 D = Time resting spent in this place.
 E = Time spent auto-exploring this place.
 F = Levels seen in this place.
 G = Mean time per level.
                   A        B        C        D        E       F      G
               +--------+--------+--------+--------+--------+-----+--------+
         Total |   1899 |   1819 |     80 |     21 |   1473 |   3 |  633.0 |
       Dungeon |   1899 |   1819 |     80 |     21 |   1473 |   3 |  633.0 |
               +--------+--------+--------+--------+--------+-----+--------+

Top non-repeatable levels by time:
     D:2: 1035 daAuts
     D:1: 783 daAuts
     D:3: 80 daAuts
